 Dungeon Crawl Stone Soup version 0.30.0-5-g1a98f26d00 (webtiles) character file.

Game seed: 7795232838868088049

13871 croobank the Cleaver (level 12, -7/110 (112) HPs)
             Began as a Hill Orc Fighter on May 11, 2023.
             Was a Priest of Beogh.
             Killed from afar by a death drake (11 damage)
             ... with a foul vapour
             ... in a Gauntlet.
             The game lasted 01:06:57 (13551 turns).

croobank the Cleaver (Hill Orc Fighter)            Turns: 13551, Time: 01:06:57

HP:   -7/110 (112)  AC: 21    Str: 30    XL:     12   Next: 10%
MP:   12/12         EV:  3    Int:  8    God:    Beogh [***...]
Gold: 196           SH: 29    Dex: 10    Spells: 11/11 levels left

rFire   + . .        a - +2 war axe
rCold   + + .        P - +18 shield of the Gong {Loud rN+ Will+ rCorr EV-5}
rNeg    + . .        S - +0 chain mail {rC+}
rPois   +            q - +2 helmet
rElec   +            x - +0 cloak
rCorr   +            h - +1 pair of gloves
SInv    +            s - +0 pair of boots
Will    +....        (no amulet) Stlth
                     g - ring of see invisible
HPRegen 0.38/turn    w - +6 ring of strength
MPRegen 0.13/turn

%: no teleportation
@: lethally poisoned (-7 -> -15), resistant, slowed, lightly drained, very slow
A: no striking features
a: Renounce Religion, Smiting


You were in a Gauntlet.
You worshipped Beogh.
Beogh was most pleased with you.
You visited 1 branch of the dungeon, and saw 11 of its levels.
You also visited: Gauntlet.

You collected 557 gold pieces.
You spent 361 gold pieces at shops.

Inventory:

Hand Weapons
 a - a +2 war axe (weapon)
 b - a +0 arbalest
 G - a +0 great mace
 H - a +1 morningstar
 N - a +3 spear of freezing
 V - the +1 sling "Jeipua" {heavy, Dex+2}
   (You found it on level 5 of the Dungeon)

   Dex:       It affects your dexterity (+2).
 W - a +0 falchion of holy wrath
Missiles
 j - 6 datura-tipped darts (quivered)
 u - 10 atropa-tipped darts
Armour
 h - a +1 pair of gloves (worn)
 p - a +3 kite shield
 q - a +2 helmet (worn)
 s - a +0 pair of boots (worn)
 x - a +0 cloak (worn)
 P - the +18 shield of the Gong (worn) {Loud rN+ Will+ rCorr EV-5}
   (You found it on level 7 of the Dungeon)

   Loud:      It is deafeningly noisy when blocking attacks.
   EV:        It affects your evasion (-5).
   rN:        It protects you from negative energy.
   rCorr:     It protects you from acid and corrosion.
   Will:      It increases your willpower.
 S - a +0 chain mail of cold resistance (worn)
Magical Staves
 c - a staff of air
Jewellery
 g - a ring of see invisible (left hand)
 l - a +5 ring of evasion
 m - the ring "Xich" {Fire rElec Int+7}
   (You found it in a Gauntlet)

   [ring of fire]

   It enhances your fire magic.
   Int:       It affects your intelligence (+7).
   rF:        It protects you from fire.
   rC:        It makes you vulnerable to cold.
   rElec:     It insulates you from electricity.
 w - a +6 ring of strength (right hand)
 C - a ring of willpower
 Y - a ring of ice
Wands
 r - a wand of paralysis (6)
 v - a wand of roots (10)
 R - a wand of flame (30)
Scrolls
 e - 10 scrolls of teleportation
 i - 2 scrolls of magic mapping
 B - a scroll of silence
 D - a scroll of immolation
 F - 3 scrolls of amnesia
 I - 3 scrolls of fear
Potions
 n - 4 potions of mutation
 t - 2 potions of flight
 z - 2 potions of invisibility
 A - 2 potions of attraction
 E - a potion of lignification
 L - 2 potions of cancellation
 O - a potion of might
 Q - a potion of ambrosia
 T - a potion of magic
 U - a potion of berserk rage {unknown}
Miscellaneous
 d - a piece from Xom's chessboard (15/15)
 f - a phantom mirror


   Skills:
 + Level 12.0 Fighting
 + Level 12.8 Axes
 + Level 11.1 Armour
 + Level 11.1 Shields


You had 11 spell levels left.
You didn't know any spells.
Your spell library contained the following spells:

 Spells                   Type           Power      Damage    Failure   Level
 Magic Dart               Conj           0%         1d3       91%         1
 Sandblast                Erth           0%         2d4       91%         1
 Lesser Beckoning         Tloc           0%         N/A       97%         2
 Passwall                 Tmut/Erth      0%         N/A       97%         2
 Searing Ray              Conj           0%         2d4       97%         2
 Gell's Gravitas          Tloc           0%         N/A       99%         3
 Ignite Poison            Fire/Tmut/Pois 0%         N/A       99%         3
 Ozocubu's Armour         Ice            0%         N/A       99%         3
 Stone Arrow              Conj/Erth      0%         3d7       99%         3
 Summon Guardian Golem    Hex/Summ       0%         N/A       99%         3
 Teleport Other           Tloc           0%         N/A       99%         3
 Fulminant Prism          Conj/Hex       0%         3d5       100%        4
 Sticky Flame             Conj/Fire      0%         2d3       100%        4
 Dispersal                Tloc           0%         N/A       100%        6
 Orb of Destruction       Conj           0%         9d5       100%        7
 Ozocubu's Refrigeration  Ice            0%         4d7       100%        7
 Spellforged Servitor     Conj/Summ      0%         N/A       100%        7
 Ignition                 Fire           0%         3d3       100%        8


Dungeon Overview and Level Annotations

Branches:
Dungeon (11/15)            Temple (0/1) D:6            Lair (0/5) D:8
    Orc (0/2) D:10        Gauntlet (1/1)

Altars:
Qazlal
Sif Muna
Vehumet
Xom
Zin

Shops:
D:3 (   D:5 *!*!(   D:8 =?**

Annotations:
Gauntlet 13 transporters, 21 runed translucent doors, exclusion: 3 lightning spires


Message History

The grasping roots constrict the wolf spider zombie!
* * * LOW HITPOINT WARNING * * *
You feel extremely sick.
The roots release their grip on the death drake.
The roots release their grip on the wolf spider zombie.
You block the death drake's attack.
GONNNNG!
The wolf spider zombie closely misses your orc warrior.
The wolf spider zombie bites your orc warrior!
Your orc warrior hits the wolf spider zombie with a +0 mace!
You block the death drake's attack.
BONNNG!
The wolf spider zombie misses your orc warrior.
The wolf spider zombie barely misses your orc warrior.
Aiming: Paralyse
Press: ? - help, Shift-Dir - straight line, f - death drake, p - wolf spider zombie
Aim: a death drake (heavily wounded, ally target, chance to affect: 31%)
Okay, then.
Throw: throwing net
Press: ? - help, Q - select action, (/) - cycle Shift-Dir - straight line, f - death drake, p - wolf spider zombie
Aim: a death drake (heavily wounded, ally target, 50% to hit)
Okay, then.
Okay, then.
Okay, then.
Unknown command.
Okay, then.
Throw: throwing net
Press: ? - help, Q - select action, (/) - cycle Shift-Dir - straight line, f/p - wolf spider zombie
Aim: a wolf spider zombie (almost destroyed, not watching you, 80% to hit)
You throw a throwing net. The throwing net hits the death drake.
The death drake is caught in the net!
The death drake is heavily wounded.
You are engulfed in dark miasma.
You feel as though you will be slow longer.
* * * LOW HITPOINT WARNING * * *
x2 You feel very sick.
The death drake breathes miasma at you. The foul vapour engulfs you!
You feel as though you will be slow longer.
You die...

###.#..............#8#
§≈#.#..............####
###.#############....≈###
...©...........©#.....#8#
#####################.###
.+.©.+..#.#..≈≈o..≈.#.#
.+...+..#.#.≈..≈Z.≈.#.###
+#+#+#++#.#.≈.≈≈k≈≈.#.#8#
.+...+..#.#≈.≈.)@≈..#.###
.+...+..#.#≈..≈©≈.≈≈#.#
+#...#++#.#.≈.≈≈≈.≈.#.###
.#+++#..#.#.≈≈...≈..#.#8#
........#.#.≈...≈.≈.#.###
.[.©:).t#.#..≈)©$.≈=#.#
#########.###########.###
......................#8#
.....................≈###


You could see a death drake (caught, catching breath, ally target), a wolf
spider zombie (distracted) and a friendly orc warrior.

Vanquished Creatures
  Erolcha (D:9)
  4 two-headed ogres
  A boulder beetle (D:9)
  A cyclops (D:11)
  A moth of wrath (Gauntlet)
  A worldbinder (Gauntlet)
  2 vault sentinels (D:6)
  A gargoyle (D:11)
  A komodo dragon (D:7)
  A troll (D:9)
  A hornet (D:9)
  A shadow (D:9)
  4 slime creatures (D:10)
  A wraith (D:9)
  Eustachio (D:5)
  A wyvern (D:10)
  A vampire (D:10)
  4 fire bats (D:8)
  A steam dragon (D:9)
  Grum (D:8)
  4 yaks (D:9)
  A water moccasin (D:6)
  A hell hound (D:8)
  5 orc warriors
  3 black bears
  3 ice beasts
  3 ogres
  A boggart (Gauntlet)
  4 centaurs
  7 wolves
  3 phantoms (D:5)
  2 bullfrogs
  2 kobold brigands
  A scorpion (D:5)
  10 wights
  7 killer bees
  2 howler monkeys
  2 lava snakes (D:8)
  Crazy Yiuf (D:2)
  2 jellies
  A gnoll bouda (D:3)
  3 orc priests
  A hound (D:4)
  A sleepcap (D:7)
  3 iguanas
  Natasha (thrice) (D:2)
  10 orc wizards
  Robin (D:2)
  4 gnolls
  8 adders
  2 white imps (D:7)
  An ufetubus (D:6)
  3 dart slugs
  33 orcs
  7 bats
  4 endoplasms
  A giant cockroach (D:1)
  16 goblins
  8 hobgoblins
  5 jackals
  3 quokkas
  10 ball pythons
  2 frilled lizards
  15 kobolds
  9 rats
248 creatures vanquished.

Vanquished Creatures (collateral kills)
  A spectral hornet (Gauntlet)
1 creature vanquished.

Vanquished Creatures (others)
  A boggart (Gauntlet)
  An orc priest (Gauntlet)
  3 orcs
  3 fire vortices (D:8)
8 creatures vanquished.

Grand Total: 257 creatures vanquished

Notes
Turn   | Place    | Note
-------+----------+-------------------------------------------
     0 | D:1      | croobank the Hill Orc Fighter began the quest for the Orb.
     0 | D:1      | Reached XP level 1. HP: 19/19 MP: 1/1
    37 | D:1      | Reached XP level 2. HP: 20/27 MP: 2/2
   245 | D:1      | Reached XP level 3. HP: 33/33 MP: 3/3
   920 | D:2      | Noticed Robin
  1035 | D:3      | Reached XP level 4. HP: 40/40 MP: 4/4
  1046 | D:2      | Killed Robin
  1270 | D:2      | Found a runed translucent door.
  1271 | D:2      | Noticed Crazy Yiuf
  1414 | D:2      | Noticed Natasha
  1424 | D:2      | Killed Natasha
  1547 | D:2      | Noticed Natasha
  1561 | D:2      | Killed Natasha
  1562 | D:2      | Reached XP level 5. HP: 37/47 MP: 5/5
  1624 | D:2      | Noticed Natasha
  1630 | D:2      | Killed Natasha
  1853 | D:2      | Killed Crazy Yiuf
  2153 | D:3      | Reached skill level 5 in Fighting
  2153 | D:3      | Reached XP level 6. HP: 53/56 MP: 6/6
  2358 | D:3      | Found Jannahi Kei's Antique Weapon Emporium.
  2689 | D:3      | Found a shimmering blue altar of Sif Muna.
  3618 | D:4      | Identified the +1 robe of the Stained God {Contam rN+ Will+
                  | Dex+3}
  4042 | D:5      | Entered Level 5 of the Dungeon
  4044 | D:5      | Found Nesuqe's Distillery.
  4077 | D:5      | Reached skill level 5 in Axes
  4080 | D:5      | Found Zetoi's Assorted Antiques.
  4114 | D:5      | Reached skill level 5 in Armour
  4114 | D:5      | Reached skill level 5 in Shields
  4114 | D:5      | Reached XP level 7. HP: 46/61 MP: 7/7
  4280 | D:5      | Bought a potion of heal wounds for 75 gold pieces
  4280 | D:5      | Bought a potion of might for 60 gold pieces
  4280 | D:5      | Bought a potion of curing for 45 gold pieces
  4413 | D:5      | Found Quklemet's Weapon Boutique.
  4414 | D:5      | Noticed Eustachio
  4460 | D:5      | Killed Eustachio
  4678 | D:5      | Found a glowing silver altar of Zin.
  4689 | D:5      | Found Mujagad's Distillery.
  4834 | D:5      | Reached XP level 8. HP: 35/71 MP: 8/8
  5059 | D:5      | Identified the +1 sling "Jeipua" {heavy, Dex+2}
  5196 | D:5      | Found a shimmering altar of Xom.
  5308 | D:5      | Found Ojiufol's Assorted Antiques.
  5312 | D:5      | Bought a bubbling white potion for 19 gold pieces
  5505 | D:6      | Found a staircase to the Ecumenical Temple.
  5700 | D:6      | Became a worshipper of Beogh the Brigand
  6342 | D:6      | Reached XP level 9. HP: 79/79 MP: 9/9
  6552 | D:5      | Bought a scroll of identify for 50 gold pieces
  6552 | D:5      | Bought a fizzy cyan potion for 22 gold pieces
  6593 | D:5      | Bought a potion of might for 48 gold pieces
  6696 | D:7      | Reached * piety under Beogh
  6778 | D:7      | Noticed a vault sentinel
  6778 | D:7      | Noticed a vault sentinel
  6830 | D:6      | Killed a vault sentinel
  7233 | D:6      | Killed a vault sentinel
  7795 | D:7      | Found the +18 shield of the Gong {Loud rN+ Will+ rCorr
                  | EV-5}
  8157 | D:7      | Reached XP level 10. HP: 91/91 MP: 10/10
  8196 | D:7      | Found a radiant altar of Vehumet.
  8424 | D:8      | Found a staircase to the Lair.
  8674 | D:8      | Found Rizoff's Jewellery Boutique.
  8753 | D:8      | Noticed Grum
  8759 | D:8      | Killed Grum
  8760 | D:8      | Reached skill level 10 in Axes
  8796 | D:8      | Found Cykorgh's Assorted Antiques.
  8797 | D:8      | Found Dehidutt's Magic Scroll Shop.
  8799 | D:8      | Found Dapaiddo's Assorted Antiques.
  8807 | D:8      | Bought a scroll labelled UNOUH OGAR for 21 gold pieces
  8807 | D:8      | Bought a scroll labelled QOEFAS JEWNO for 21 gold pieces
  8857 | D:8      | Reached ** piety under Beogh
  9028 | D:8      | Found a stormy altar of Qazlal.
  9703 | D:8      | Reached skill level 10 in Fighting
 10462 | D:9      | Reached XP level 11. HP: 51/101 MP: 11/11
 10739 | D:9      | Noticed a two-headed ogre
 10750 | D:9      | Killed a two-headed ogre
 10981 | D:9      | Noticed Erolcha
 10997 | D:9      | Killed Erolcha
 10998 | D:9      | Reached skill level 10 in Armour
 10998 | D:9      | Reached skill level 10 in Shields
 11086 | D:10     | Entered Level 10 of the Dungeon
 11086 | D:10     | Noticed a boulder beetle
 11120 | D:9      | Killed a boulder beetle
 11824 | D:10     | Noticed a two-headed ogre
 11839 | D:10     | Killed a two-headed ogre
 12015 | D:10     | Noticed a two-headed ogre
 12037 | D:10     | Killed a two-headed ogre
 12142 | D:10     | Found Losanave's Jewellery Boutique.
 12154 | D:10     | Reached *** piety under Beogh
 12164 | D:10     | Found a staircase to the Orcish Mines.
 12477 | D:11     | Noticed a two-headed ogre
 12486 | D:10     | Killed a two-headed ogre
 12555 | D:11     | Noticed a cyclops
 12571 | D:11     | Killed a cyclops
 12596 | D:11     | Found a gate leading to a gauntlet.
 12611 | Gauntlet | Entered a Gauntlet
 12611 | Gauntlet | Found a transporter.
 12637 | Gauntlet | Noticed a worldbinder
 12721 | Gauntlet | Found a transporter.
 12723 | Gauntlet | Found a transporter.
 12725 | Gauntlet | Found a transporter.
 12738 | Gauntlet | Found a transporter.
 12751 | Gauntlet | Found a transporter.
 12757 | Gauntlet | Found a transporter.
 12758 | Gauntlet | Noticed a hell hog
 12778 | Gauntlet | Found a transporter.
 12791 | Gauntlet | Found a transporter.
 12819 | Gauntlet | Found a transporter.
 12847 | Gauntlet | Found a transporter.
 12847 | Gauntlet | Noticed a death drake
 12852 | Gauntlet | Found a transporter.
 12865 | Gauntlet | Found a large runed translucent door.
 12866 | Gauntlet | Found a large runed translucent door.
 12867 | Gauntlet | Found a large runed translucent door.
 12867 | Gauntlet | Found a large runed translucent door.
 12868 | Gauntlet | Found a runed translucent gate.
 12869 | Gauntlet | Found a transporter.
 12869 | Gauntlet | Found a runed translucent gate.
 12870 | Gauntlet | Found a runed translucent gate.
 12871 | Gauntlet | Found a large runed translucent door.
 12872 | Gauntlet | Found a large runed translucent door.
 12873 | Gauntlet | Found a large runed translucent door.
 12875 | Gauntlet | Found a large runed translucent door.
 12877 | Gauntlet | Noticed a death drake
 12881 | Gauntlet | Found a transporter.
 12882 | Gauntlet | Found a large runed translucent door.
 12882 | Gauntlet | Found a large runed translucent door.
 12882 | Gauntlet | Found a runed translucent door.
 12882 | Gauntlet | Found a runed translucent door.
 12883 | Gauntlet | Found a large runed translucent door.
 12884 | Gauntlet | Found a large runed translucent door.
 12886 | Gauntlet | Found a transporter.
 12886 | Gauntlet | Found a transporter.
 12929 | Gauntlet | Found a transporter.
 12929 | Gauntlet | Found a large runed translucent door.
 12929 | Gauntlet | Found a large runed translucent door.
 12930 | Gauntlet | Found a large runed translucent door.
 12930 | Gauntlet | Noticed a moth of wrath
 12931 | Gauntlet | Found a large runed translucent door.
 12974 | Gauntlet | Found a transporter.
 13287 | Gauntlet | Noticed a deep elf zephyrmancer
 13287 | Gauntlet | Noticed a deep elf knight
 13287 | Gauntlet | Noticed a deep elf zephyrmancer
 13295 | Gauntlet | Noticed a deep elf pyromancer
 13295 | Gauntlet | Noticed a deep elf knight
 13296 | Gauntlet | Killed a worldbinder
 13297 | Gauntlet | Reached XP level 12. HP: 74/112 MP: 12/12
 13475 | Gauntlet | Identified the ring "Xich" {Fire rElec Int+7}
 13551 | Gauntlet | HP: 4/110 [poisoned by a death drake (foul vapour)]
 13551 | Gauntlet | Killed from afar by a death drake

Illustrated notes

Levels and vault maps discovered:
D:1:      saegor_arrival_simple_a, layout_basic, serial_curves, eino_curves_04,
          eino_curves_02, eino_curves_04
D:2:      layout_loops_ring, serial_bayou, serial_bayou_shore_b,
          serial_bayou_pond_c, serial_bayou_pond_c, serial_bayou_pond_e,
          serial_bayou_pond_e, serial_bayou_ford_a, grunt_ministairs_1,
          uniq_crazy_yiuf_cottage, uniq_robin, uniq_natasha
D:3:      layout_basic, kennysheep_orc_sif_temple, serial_shops, shop,
          minmay_circle_x
D:4:      layout_rooms, serial_co_window_serial, co_window_paths_a,
          co_window_corner_a, co_window_paths_a, co_window_corner_a,
          co_window_cross_1, co_window_corner_a, co_window_unsneaky_path_c,
          co_window_of_opportunity_b, co_window_corner_cb,
          co_window_unsneaky_path_a, co_window_2corner, co_window_2corner,
          co_window_broadway_a, co_window_paths_d, minmay_misc_feat_tiny,
          serial_park_tiny_pond
D:5:      layout_basic, lemuel_tele_altar, zin_statuary, serial_shops,
          shop_statue, nicolae_shop_advertising_works
          [nicolae_subvault_shop_adworks], shop, nicolae_shop_real_fake_doors,
          shop_fountains, serial_aquarium, aquarium_bridge_island_small
          [aquarium_subvault_small_open, aquarium_subvault_bridge,
          aquarium_subvault_window, aquarium_subvault_bridge,
          aquarium_subvault_window], aquarium_bridge_square
          [aquarium_subvault_bridge, aquarium_subvault_bridge,
          aquarium_subvault_bridge, aquarium_subvault_wall],
          aquarium_window_fake, aquarium_window_corridor_1,
          aquarium_window_double, aquarium_view_2d, aquarium_view_2f,
          aquarium_pool_2, uniq_eustachio
D:6:      layout_loops_ring, minmay_temple_entry_metal_lava, minivault_11,
          chequers_serial_rivers_small_3
D:7:      layout_layer_cave, vehumet_altar_wand_db, hellmonk_guarded_unrand_gong
D:8:      layout_basic, mainiacjoe_overflow_small_starburst,
          david_lair_shrubbed, serial_shops, shop,
          nicolae_shop_distant_corner_stores, chequers_serial_rivers_room_b,
          chequers_serial_rivers_small_a, hangedman_incinerator, uniq_grum
D:9:      layout_basic, uniq_erolcha
D:10:     layout_rooms, david_orc_3, serial_shops, nicolae_shop_behind_doors
D:11:     layout_layer_cave, gauntlet_entry_generic, serial_bayou,
          serial_bayou_pond_d, serial_bayou_lagoon_b, serial_bayou_shore_b,
          serial_bayou_pond_d, serial_bayou_pond_e, serial_bayou_pond_d,
          nicolae_qazlal_scattered_showers
Gauntlet: gammafunk_gauntlet_one_two_three [gammafunk_gauntlet_arena_crates,
          gammafunk_gauntlet_arena_teeth, gammafunk_gauntlet_arena_spirals,
          nicolae_gauntlet_arena_grate_2, gammafunk_gauntlet_arena_grid,
          gammafunk_gauntlet_arena_arrow_garden, gammafunk_gauntlet_arena_mazey,
          minmay_gauntlet_arena_make_your_own_arena,
          nicolae_gauntlet_arena_flowing_pool,
          nicolae_gauntlet_exit_dead_adventurers]

Skill      XL: |  1  2  3  4  5  6  7  8  9 10 11 12 |
---------------+-------------------------------------+-----
Axes           | 3 4 5 6 7 9 11 12 | 12.8
Fighting       | 4 5 6 7 9 10 11 12 | 12.0
Armour         | 4 5 6 8 9 11 | 11.1
Shields        | 4 5 6 8 9 11 | 11.1

Action                     |  1- 3 |  4- 6 |  7- 9 | 10-12 || total
---------------------------+-------+-------+-------+-------++-------
  Melee: War axe           |   106 |   178 |   241 |   427 ||   952
   Fire: Sling             |       |       |    24 |       ||    24
  Throw: Dart              |       |     3 |     6 |     6 ||    15
         Throwing net      |       |       |       |     1 ||     1
 Invoke: Convert to Beogh  |       |       |     1 |       ||     1
  Evoke: Wand              |       |       |     4 |    17 ||    21
         Piece from Xom's  |       |       |       |     2 ||     2
    Use: Scroll            |     2 |       |    19 |     5 ||    26
         Potion            |       |     1 |     3 |     7 ||    11
   Stab: Invisible         |       |       |     1 |       ||     1
 Armour: Scale mail        |    51 |    64 |    83 |    93 ||   291
         Chain mail        |       |       |       |    42 ||    42
  Dodge: Dodged            |    54 |    54 |   138 |   132 ||   378
  Block: Buckler           |    21 |       |       |       ||    21
         Kite shield       |    22 |    77 |   169 |   401 ||   669
